 Dungeon Crawl Stone Soup version 0.31-a0-986-g5e6e4ef867 (webtiles) character file.

Game seed: 1779011907991002034

27925 Fodor the Basher (level 13, -5/116 HPs)
             Began as a Minotaur Fighter on Nov 15, 2023.
             Was an Initiate of Gozag.
             Slain by an ogre
             ... wielding a +0 giant club
              (11 damage)
             ... on level 15 of the Dungeon.
             The game lasted 01:15:17 (13909 turns).

Fodor the Basher (Minotaur Fighter)                Turns: 13909, Time: 01:15:18

Health: -5/116     AC: 35    Str: 26    XL:     13   Next: 7%
Magic:  12/12      EV:  9    Int:  5    God:    Gozag
Gold:   1205       SH:  0    Dex: 10    Spells: 12/12 levels left

rFire   . . .        u - +4 mace (protect)
rCold   . . .        w - orb {*Rage}
rNeg    + . .        H - +8 plate armour
rPois   .            (helmet currently unavailable)
rElec   .            P - melded +1 cloak "Dunnia" {Contam rPois Str+2 Slay+5}
rCorr   .            y - melded +0 pair of gloves of Past Mistakes {Fly}
SInv    .            N - melded +0 pair of boots
Will    .....        Q - amulet of the acrobat Stlth
                     b - +4 ring of protection
HPRegen 0.39/turn    c - ring of positive energy
MPRegen 0.13/turn

%: random rage (20%), acrobat
@: mighty, beast-form, gold aura, under a protective aura, on berserk cooldown,
slowed, very slow
A: beast (slay +3), horns 2, retaliatory headbutt
a: Begin Untransformation, Renounce Religion, Potion Petition, Call Merchant,
Bribe Branch


You were on level 15 of the Dungeon.
You worshipped Gozag.
Gozag was most pleased with you.
You were a hulking beast.
You visited 2 branches of the dungeon, and saw 16 of its levels.
You also visited: Sewer and Bailey.

You collected 3219 gold pieces.
You spent 1492 gold pieces at shops.
You paid 522 gold pieces to Gozag.

Inventory:

Hand Weapons
 u - a +4 mace of protection (weapon)
 B - a +0 battleaxe
 T - a +2 shortbow of electrocution
Missiles
 v - 29 poisoned darts
 K - 10 boomerangs (quivered)
 U - 3 javelins
Armour
 w - an orb of wrath (worn)
 y - the +0 pair of gloves of Past Mistakes (melded) {Fly}
   (You found it on level 4 of the Dungeon)

   Fly:       It grants you flight.
 H - a +8 plate armour (worn)
 N - a +0 pair of boots (melded)
 P - the +1 cloak "Dunnia" (melded) {Contam rPois Str+2 Slay+5}
   (You acquired it on level 10 of the Dungeon)

   Str+2:     It affects your strength (+2).
   Slay+5:    It affects your accuracy & damage with ranged weapons and melee
   (+5).
   rPois:     It protects you from poison Contam: It causes magical
   contamination when unequipped.
Jewellery
 b - a +4 ring of protection (left hand)
 c - a ring of positive energy (right hand)
 o - a ring of protection from fire
 Q - an amulet of the acrobat (around neck)
Talismans
 q - a beast talisman (active)
Wands
 i - a wand of mindburst (5)
 D - a wand of charming (7)
 F - a wand of digging (12)
 J - a wand of flame (32)
 M - a wand of polymorph (16)
Scrolls
 f - 13 scrolls of teleportation
 h - 2 scrolls of immolation
 j - a scroll of fog
 k - 2 scrolls of noise
 l - 4 scrolls of amnesia
 m - 4 scrolls of fear
 s - 3 scrolls of revelation
 z - a scroll of brand weapon
 A - 4 scrolls of enchant weapon
 C - a scroll of blinking
 I - a scroll of poison
 S - 2 scrolls of vulnerability
Potions
 a - a potion of lignification {unknown}
 d - a potion of might
 e - a potion of haste {unknown}
 n - 2 potions of resistance {unknown}
 p - 3 potions of heal wounds
 r - 3 potions of enlightenment {unknown}
 t - 3 potions of ambrosia {unknown}
 x - 3 potions of attraction {unknown}
 E - a potion of cancellation {unknown}
 G - a potion of mutation {unknown}
 L - 6 potions of berserk rage {unknown}
 O - a potion of invisibility {unknown}
 V - 3 potions of curing
Miscellaneous
 R - a lightning rod (4/4)


   Skills:
 + Level 11.5 Fighting
 + Level 4.7(10.5) Axes
 + Level 14.5(14.8) Maces & Flails
 + Level 3.5 Throwing
 + Level 14.4 Armour
 + Level 4.3 Dodging
 + Level 2.2 Stealth
 + Level 4.7 Shields
 + Level 6.5 Shapeshifting


You had 12 spell levels left.
You didn't know any spells.
Your spell library contained the following spells:

 Spells                   Type           Power      Damage    Failure   Level
 Apportation              Tloc           0%         N/A       98%         1
 Necrotise                Necr           0%         1d4       98%         1
 Summon Small Mammal      Summ           0%         N/A       98%         1
 Lesser Beckoning         Tloc           0%         N/A       99%         2
 Poisonous Vapours        Pois/Air       0%         N/A       99%         2
 Call Canine Familiar     Summ           0%         N/A       100%        3
 Gell's Gravitas          Tloc           0%         N/A       100%        3
 Mephitic Cloud           Conj/Pois/Air  0%         N/A       100%        3
 Ozocubu's Armour         Ice            0%         N/A       100%        3
 Summon Guardian Golem    Hex/Summ       0%         N/A       100%        3
 Teleport Other           Tloc           0%         N/A       100%        3
 Airstrike                Air            0%         2d(0-16)  100%        4
 Dimensional Bullseye     Hex/Tloc       0%         N/A       100%        4
 Passage of Golubria      Tloc           0%         N/A       100%        4
 Freezing Cloud           Conj/Ice/Air   0%         6-21      100%        5
 Metabolic Englaciation   Hex/Ice        0%         N/A       100%        5
 Orb of Destruction       Conj           0%         9d5       100%        7
 Spellforged Servitor     Conj/Summ      0%         N/A       100%        7
 Simulacrum               Ice/Necr       Unusable   N/A       N/A         6

Dungeon Overview and Level Annotations

Branches:
Dungeon (15/15)            Temple (1/1) D:4            Lair (0/5) D:10
    Orc (0/2) D:9          Vaults (0/5) D:13          Sewer (visited)
 Bailey (visited)
 Depths: D:15

Altars:
Ashenzari
Cheibriados
Dithmenos
Elyvilon
Fedhas
Gozag
Hepliaklqana
Kikubaaqudgha
Makhleb
Nemelex Xobeh
Okawaru
Qazlal
Ru
Sif Muna
Trog
Uskayaw
Vehumet
Wu Jian
Xom
Yredelemnul
Zin
The Shining One

Shops:
D:3 [   D:5 =*(*   D:10 *


Innate Abilities, Weirdness & Mutations

You are a hulking beast.
Your limbs bulge with bestial killing power. (Slay +3)
You have a pair of horns on your head.
You reflexively headbutt those who attack you in melee.


Message History

The cyclops hits you but does no damage.
The death knight hits you with a +0 morningstar!!
* * * LOW HITPOINT WARNING * * *
The necromancer mumbles some strange words.
The necromancer binds the souls of nearby monsters.
You hear some strange, mumbled words.
A lance of force appears from out of thin air!
The lance of force hits you!
* * * LOW HITPOINT WARNING * * *
You are knocked back by the lance of force.
You collide with the deep elf pyromancer!
The deep elf pyromancer is no longer distracted by gold.
The deep elf pyromancer is heavily wounded.
You barely miss the death knight.
The cyclops is distracted by your dazzling golden aura.
The deep elf pyromancer hits you but does no damage.
The cyclops shouts!
You thump the death knight!
The death knight is lightly wounded.
The cyclops is no longer distracted by gold.
The wraith hits you.
* * * LOW HITPOINT WARNING * * *
The wraith drains your vigour!
You feel yourself slow down. Something hits you but does no damage.
The death knight barely misses you. You furiously retaliate!
You headbutt the death knight!
The cyclops is distracted by your dazzling golden aura.
The cyclops shouts!
You bludgeon the cyclops!!
You kill the cyclops!
The deep elf pyromancer completely misses you.
The wraith hits you but does no damage.
The orc sorcerer hits something with a +0 dagger.
The death knight hits you but does no damage.
You hear some strange, mumbled words.
Something tries to affect you, but you resist.
The deep elf pyromancer casts a spell.
The deep elf pyromancer blinks!
You barely miss the ogre. The ogre hits you with a +0 giant club!
You die...
Your body crumbles into a pile of gold.

................#..##....
......... #.........# ...
........###........###.#.
#.............)..#.#...
....e.........#..#.....
...........#............
........W####.(.......##
.......O.O###...........
.......CWhpz.......##...)
........##{..##..........
........#....#######.. .
.....p....o.## #..
...........## #.
...?..[.$..# .........$#
....?##.' .C.## ###


You could see a death knight (soul bound), a skeletal warrior, a two-headed
ogre, a cyclops, a freezing wraith, a deep elf pyromancer, an arcanist (fast,
soul bound), a wraith, an orc sorcerer (soul bound) and an ogre.

Vanquished Creatures
  Jorgrun (D:15)
  A yaktaur captain (D:13)
  A hydra (D:13)
  An ogre mage (D:15)
  5 two-headed ogres
  A boulder beetle (D:14)
  2 centaur warriors (D:14)
  Erica (D:9)
  A tengu warrior (D:14)
  Amaemon (D:8)
  Pikel (D:6)
  An orc sorcerer (Bailey)
  An oklob plant (D:10)
  2 deep elf pyromancers
  4 cyclopes
  2 manticores (D:13)
  The ghost of R007833r the Magician, a novice DsFE of Ashenzari (D:7)
  Joseph (D:7)
  An orange demon (D:8)
  Maggie (D:10)
  Psyche (D:10)
  3 yaktaurs
  A kobold demonologist (Bailey)
  2 komodo dragons
  5 trolls
  A jumping spider (shapeshifter) (D:10)
  3 wraiths
  A wyvern (D:9)
  An unseen horror simulacrum (D:10)
  A vampire (D:13)
  2 steam dragons
  9 yaks
  10 vampire mosquitoes
  A warg (shapeshifter) (D:14)
  Menkaure (D:6)
  2 acid dragons
  Duvessa (D:5)
  A water moccasin (D:8)
  2 sky beasts
  21 orc warriors
  A black bear (D:5)
  11 centaurs
  A phantom (D:4)
  5 kobold brigands
  A bullfrog (D:8)
  A gnoll sergeant (D:9)
  4 scorpions
  Dowan (D:5)
  8 killer bees
  4 electric eels (Bailey)
  2 hounds
  8 orc priests
  3 jellies
  2 sleepcaps (D:5)
  An iguana (D:4)
  14 orc wizards
  Robin (D:2)
  10 gnolls
  A river rat (Sewer)
  8 adders
  A shadow imp (D:5)
  2 white imps
  6 ufetubi
  3 worms
  3 dart slugs
  32 orcs
  8 endoplasms
  3 giant cockroaches
  17 goblins
  24 hobgoblins
  4 jackals
  31 kobolds
  2 quokkas (D:4)
  16 ball pythons
  7 bats
  12 frilled lizards
  10 rats
367 creatures vanquished.

Vanquished Creatures (others)
  A centaur (D:14)
  A hobgoblin (Bailey)
2 creatures vanquished.

Grand Total: 369 creatures vanquished

Notes
Turn   | Place    | Note
-------+----------+-------------------------------------------
     0 | D:1      | Fodor the Minotaur Fighter began the quest for the Orb.
     0 | D:1      | Reached XP level 1. HP: 19/19 MP: 0/0
    61 | D:1      | Reached XP level 2. HP: 24/27 MP: 1/1
   131 | D:1      | Found a faded altar of an unknown god.
   546 | D:1      | Reached XP level 3. HP: 33/33 MP: 2/2
   787 | D:2      | Reached XP level 4. HP: 40/40 MP: 3/3
  1016 | D:2      | Noticed Robin
  1040 | D:2      | Killed Robin
  1041 | D:2      | Reached skill level 1 in Dodging
  1700 | D:3      | Found a transporter.
  1703 | D:3      | Found Zausch's Armour Shop.
  1719 | D:3      | Found a transporter.
  1739 | D:3      | Found a glowing drain.
  1771 | Sewer    | Entered a sewer
  1784 | Sewer    | Reached XP level 5. HP: 20/47 MP: 4/4
  3032 | D:3      | Found a sparkling altar of Nemelex Xobeh.
  3032 | D:3      | Found an ancient bone altar of Kikubaaqudgha.
  3036 | D:3      | Found a blossoming altar of Fedhas.
  3242 | D:4      | Found a staircase to the Ecumenical Temple.
  3248 | Temple   | Entered the Ecumenical Temple
  3279 | Temple   | Became a worshipper of Gozag Ym Sagoz the Greedy
  3351 | D:4      | Reached skill level 5 in Armour
  3544 | D:4      | Identified the +0 pair of gloves of Past Mistakes {Fly}
  3578 | D:4      | Noticed a phantom
  3591 | D:4      | Killed a phantom
  3592 | D:4      | Reached skill level 1 in Maces & Flails
  3592 | D:4      | Reached XP level 6. HP: 53/53 MP: 5/5
  3716 | D:4      | Found a shadowy altar of Dithmenos.
  4006 | D:5      | Entered Level 5 of the Dungeon
  4036 | D:5      | Noticed a wraith
  4053 | D:5      | Killed a wraith
  4054 | D:5      | Reached skill level 5 in Fighting
  4054 | D:5      | Reached skill level 1 in Shapeshifting
  4126 | D:5      | Found Vefit's General Store.
  4195 | D:5      | Bought a scroll of fear for 52 gold pieces
  4195 | D:5      | Bought a potion of degeneration for 13 gold pieces
  4195 | D:5      | Bought a potion of might for 52 gold pieces
  4195 | D:5      | Bought a potion of curing for 39 gold pieces
  4364 | D:5      | Found Caxkea Ynoc's General Store.
  4411 | D:5      | Reached XP level 7. HP: 61/61 MP: 6/6
  4499 | D:5      | Found Tinis's Antique Weapon Shoppe.
  4714 | D:5      | Noticed Duvessa
  4714 | D:5      | Noticed Dowan
  4721 | D:5      | Killed Duvessa
  4722 | D:5      | Killed Dowan
  4921 | D:5      | Found Xooful's Jewellery Emporium.
  5056 | D:5      | Reached XP level 8. HP: 68/68 MP: 7/7
  5184 | D:6      | Noticed Pikel
  5199 | D:6      | Killed Pikel
  5200 | D:6      | Reached skill level 5 in Maces & Flails
  5354 | D:6      | Noticed Menkaure
  5358 | D:6      | Killed Menkaure
  5421 | D:6      | Found a stormy altar of Qazlal.
  5866 | D:6      | Reached XP level 9. HP: 77/77 MP: 8/8
  6080 | D:6      | Reached skill level 1 in Stealth
  6216 | D:7      | Found a runed translucent gate.
  6216 | D:7      | Found a runed translucent gate.
  6216 | D:7      | Found a runed translucent gate.
  6250 | D:7      | Noticed Joseph
  6259 | D:7      | Killed Joseph
  6354 | D:7      | Noticed R007833r's ghost (novice DsFE)
  6365 | D:7      | Killed R007833r's ghost
  6776 | D:8      | Reached skill level 10 in Armour
  6947 | D:8      | Noticed Amaemon
  6948 | D:8      | Noticed an orange demon
  6961 | D:8      | Reached XP level 10. HP: 86/86 MP: 9/9
  6971 | D:8      | Killed Amaemon
  6985 | D:8      | Killed an orange demon
  7191 | D:8      | Noticed a two-headed ogre
  7199 | D:8      | Killed a two-headed ogre
  7200 | D:8      | Reached skill level 10 in Maces & Flails
  7871 | D:9      | Identified the +3 robe "Nehasy" {Int+4}
  7886 | D:9      | Noticed Erica
  7899 | D:9      | Killed Erica
  7992 | D:9      | Reached XP level 11. HP: 82/95 MP: 10/10
  8297 | D:9      | Found a staircase to the Orcish Mines.
  8388 | D:9      | Found a broken altar of Ashenzari.
  8538 | Bailey   | Identified the "Esisay"
  8538 | D:10     | Entered Level 10 of the Dungeon
  8544 | D:10     | Noticed an oklob plant
  8557 | D:10     | Noticed Maggie
  8562 | D:10     | Killed Maggie
  8573 | D:10     | Found an iron altar of Okawaru.
  8686 | D:10     | Found a flagged portal.
  8692 | Bailey   | Entered a bailey
  8840 | Bailey   | Reached skill level 1 in Throwing
  9388 | Bailey   | Found an iron altar of Okawaru.
  9388 | Bailey   | Noticed an orc sorcerer
  9399 | Bailey   | Killed an orc sorcerer
  9648 | D:10     | Acquired the +1 cloak "Dunnia" {Contam rPois Str+2 Slay+5}
  9747 | D:10     | Noticed Psyche
  9754 | D:10     | Killed Psyche
  9755 | D:10     | Reached skill level 5 in Shapeshifting
 10115 | D:10     | Found a staircase to the Lair.
 10126 | D:10     | Killed an oklob plant
 10740 | D:10     | Bought a scroll of identify for 54 gold pieces
 10740 | D:10     | Bought a lightning rod (4/4) for 1080 gold pieces
 10740 | D:10     | Bought a scroll of enchant armour for 202 gold pieces
 10900 | D:11     | Noticed a two-headed ogre
 10905 | D:11     | Killed a two-headed ogre
 11173 | D:11     | Reached XP level 12. HP: 39/106 MP: 11/11
 11558 | D:12     | You fall into a shaft and drop 1 floor!
 11562 | D:13     | Found a gate to the Vaults.
 11562 | D:13     | Noticed a yaktaur captain
 11607 | D:13     | Killed a yaktaur captain
 11608 | D:13     | Reached skill level 10 in Fighting
 11906 | D:13     | Noticed an eight-headed hydra
 11915 | D:13     | Killed an eight-headed hydra
 11966 | D:13     | Identified the +2 sling of Pestilence {heavy, Int+7}
 13111 | D:14     | Found a bloodstained altar of Trog.
 13137 | D:14     | Noticed a boulder beetle
 13155 | D:14     | Killed a boulder beetle
 13263 | D:14     | Noticed a centaur warrior
 13279 | D:14     | Killed a centaur warrior
 13732 | D:14     | Noticed a centaur warrior
 13739 | D:14     | Killed a centaur warrior
 13769 | D:14     | Noticed a tengu warrior
 13776 | D:14     | Killed a tengu warrior
 13833 | D:15     | Entered Level 15 of the Dungeon
 13852 | D:15     | Noticed Jorgrun
 13858 | D:15     | Noticed an ogre mage
 13867 | D:15     | Killed Jorgrun
 13868 | D:15     | Noticed a two-headed ogre
 13868 | D:15     | Noticed a two-headed ogre
 13871 | D:15     | Noticed a two-headed ogre
 13873 | D:15     | Killed an ogre mage
 13874 | D:15     | Noticed a two-headed ogre
 13895 | D:15     | Killed a two-headed ogre
 13897 | D:15     | Noticed a death knight
 13901 | D:15     | Killed a two-headed ogre
 13902 | D:15     | Reached XP level 13. HP: 48/116 MP: 12/12
 13907 | D:15     | HP: 5/116 [wraith[a death knight] (4)]
 13909 | D:15     | Slain by an ogre

Illustrated notes

Levels and vault maps discovered:
D:1:      tarquinn_simple_flora_water_f, layout_rooms, basic_ecumenical_altar
D:2:      layout_basic, uniq_robin
D:3:      layout_loops_corners, minitemple, serial_shops,
          nicolae_shop_drivethru, cheibrodos_sewer_entry_drain
D:4:      layout_cave_pools, mainiacjoe_overflow_chevrons,
          minmay_temple_entry_mist
D:5:      layout_gridville, serial_shops, shop, nicolae_inconvenience_store,
          kennysheep_little_box, shop, kennysheep_generic_room_10, uniq_duvessa
D:6:      layout_gridville, grunt_qazlal_sundering, uniq_menkaure, uniq_pikel
D:7:      layout_loops_ring, ebering_ghost_rock_garden, minivault_4, uniq_joseph
D:8:      layout_rooms, uniq_amaemon
D:9:      layout_rooms, nicolae_ashenzari_skybound, david_orc_4, uniq_erica
D:10:     layout_loops_ring, okawaru_ov_weapons_minmay, dpeg_oklobed_lair,
          enter_bailey_2, minmay_three_doors, uniq_psyche, uniq_maggie
D:11:     layout_roguey
D:12:     layout_irregular_city, eino_tiny_chamber
D:13:     layout_stronghold, david_vaults_2
D:14:     layout_big_octagon, trog_three_pillars_becter, hex_tiny
D:15:     grunt_enter_depths_magical_seal, layout_cave_pools, uniq_jorgrun
Temple:   bh_familiar_temple

Skill      XL: |  1  2  3  4  5  6  7  8  9 10 11 12 |
---------------+-------------------------------------+-----
Fighting       | 4 5 6 7 8 9 11 | 11.5
Armour         | 4 5 6 8 10 11 12 14 | 14.4
Axes           | 3 4 |  4.7
Shields        | 4 |  4.7
Dodging        | 1 2 3 4 |  4.3
Maces & Flails | 1 2 4 6 9 11 13 14 | 14.5
Shapeshifting  | 1 2 3 4 5 6 |  6.5
Stealth        | 1 2 |  2.2
Throwing       | 1 3 |  3.5

Action                     |  1- 3 |  4- 6 |  7- 9 | 10-12 | 13-15 || total
---------------------------+-------+-------+-------+-------+-------++-------
  Melee: War axe           |    69 |   115 |       |       |       ||   184
         Headbutt          |    12 |    30 |    33 |   107 |       ||   182
         Mace              |       |    77 |   180 |   548 |     8 ||   813
  Throw: Boomerang         |       |       |     2 |    32 |       ||    34
         Dart              |       |       |     1 |       |       ||     1
 Invoke: Call Merchant     |       |       |       |     1 |       ||     1
    Use: Potion            |       |     2 |       |    14 |       ||    16
         Scroll            |       |     4 |     5 |    15 |       ||    24
   Stab: Distracted        |       |       |       |     3 |       ||     3
 Armour: Scale mail        |    60 |   181 |    46 |       |       ||   287
         Chain mail        |       |       |   122 |       |       ||   122
         Plate armour      |       |       |    95 |   744 |    20 ||   859
         Skin              |       |       |    29 |    48 |       ||    77
  Dodge: Dodged            |    28 |   116 |   103 |   478 |     3 ||   728
  Block: Buckler           |    23 |    48 |       |       |       ||    71
   Form: Beast             |       |     4 |       |     2 |       ||     6
                           |       |     4 |       |     2 |       ||     6

Table legend: (Time is in decaauts)
 A = Elapsed time spent in this place.
 B = Non-inter-level travel time spent in this place.
 C = Inter-level travel time spent in this place.
 D = Time resting spent in this place.
 E = Time spent auto-exploring this place.
 F = Levels seen in this place.
 G = Mean time per level.
                   A        B        C        D        E       F      G
               +--------+--------+--------+--------+--------+-----+--------+
         Total |  14599 |  13941 |    658 |   2357 |      0 |  18 |  811.1 |
       Dungeon |  13081 |  12423 |    658 |   2004 |      0 |  15 |  872.1 |
        Temple |     60 |     60 |      0 |      0 |      0 |   1 |   60.0 |
         Sewer |    619 |    619 |      0 |    174 |      0 |   1 |  619.0 |
        Bailey |    837 |    837 |      0 |    179 |      0 |   1 |  837.0 |
               +--------+--------+--------+--------+--------+-----+--------+

Top non-repeatable levels by time:
    D:13: 1563 daAuts
    D:10: 1448 daAuts
     D:5: 1277 daAuts
     D:3: 1153 daAuts
     D:9: 1142 daAuts
     D:6: 1076 daAuts
     D:2: 952 daAuts
  Bailey: 837 daAuts
    D:11: 784 daAuts
    D:14: 779 daAuts
     D:4: 745 daAuts
     D:8: 712 daAuts
     D:1: 672 daAuts
     D:7: 646 daAuts
   Sewer: 619 daAuts
